GCL
HOUSTON (GCL) ASTROS @ WASHINGTON (GCL) NATIONALS
09/06/2099
 
TOP OF THE 1ST
Houston (GCL) Astros batting - Pitching for Washington (GCL) Nationals : LHP Andy Van Tol
Pitching: LHP Andy Van Tol
Batting: RHB Casey Payton 0-0: Called Strike
0-1: Foul Ball, location: 9LMF
0-2: Ball
1-2: SINGLE (Groundball, 6MS, EV 73.1 MPH) (infield hit)
Batting: LHB Caleb Crowley 0-0: Ball
1-0: TRIPLE (Flyball, 89XD, EV 106.9 MPH)
Casey Payton scores
Batting: RHB Alvin Wolff 0-0: Ball
1-0: Ball
2-0: Foul Ball, location: 2F
2-1: Ball
3-1: SINGLE (Line Drive, 8LS, EV 85.6 MPH)
Caleb Crowley scores
Batting: LHB Brandon Davis 0-0: Called Strike
0-1: Called Strike
0-2: Foul Ball, location: 3F
0-2: Fly out, F9 (Flyball, 9, EV 88.8 MPH)
Batting: RHB Jeff Lawther 0-0: Called Strike
0-1: Ball
1-1: Ball
2-1: Swinging Strike
2-2: Foul Ball, location: 2F
2-2: Ground out 6-3 (Groundball, 4MS, EV 75.6 MPH)
Alvin Wolff to second
Batting: SHB Elijah Campbell 0-0: Called Strike
0-1: Called Strike
0-2: Ball
1-2: Ball
2-2: Ball
3-2: Fly out, F9 (Line Drive, 89M, EV 107.5 MPH)
Top of the 1st over - 2 runs, 3 hits, 0 errors, 1 left on base; Houston (GCL) 2 - Washington (GCL) 0
BOTTOM OF THE 1ST
Washington (GCL) Nationals batting - Pitching for Houston (GCL) Astros : RHP Cory Monroe
Pitching: RHP Cory Monroe
Batting: RHB Alex Santiago 0-0: Ball
1-0: Called Strike
1-1: Called Strike
1-2: Ground out 3-1 (Groundball, 34, EV 79.4 MPH)
Batting: LHB Francisco Galdamez 0-0: Fly out, F8 (Line Drive, 8RM, EV 92.5 MPH)
Batting: RHB Tony Torres 0-0: Ball
1-0: SINGLE (Line Drive, 8RS, EV 105.0 MPH)
Batting: LHB Jonathan Ramos 0-0: Called Strike
Tony Torres is caught stealing 2nd base 2-6
Bottom of the 1st over - 0 runs, 1 hit, 0 errors, 0 left on base; Houston (GCL) 2 - Washington (GCL) 0
TOP OF THE 2ND
Houston (GCL) Astros batting - Pitching for Washington (GCL) Nationals : LHP Andy Van Tol
Batting: RHB Doug Fitzsimons 0-0: Called Strike
0-1: Swinging Strike
0-2: Strikes out looking
Batting: RHB Esteban Rivas 0-0: SINGLE (Line Drive, 34, EV 95.0 MPH)
Batting: RHB Alex Castillo 0-0: Ball
1-0: Ball
2-0: SINGLE (Line Drive, 6MD, EV 98.8 MPH)
Esteban Rivas to second
Batting: RHB Casey Payton 0-0: Ball
1-0: TRIPLE (Line Drive, 8RXD, EV 101.9 MPH)
Esteban Rivas scores
Alex Castillo scores
Batting: LHB Caleb Crowley 0-0: Called Strike
0-1: Called Strike
0-2: Ground out 4-3 (Groundball, 4, EV 104.4 MPH)
Casey Payton scores
Batting: RHB Alvin Wolff 0-0: Called Strike
0-1: Ball
1-1: Foul Ball, location: 2F
1-2: Ball
2-2: Ball
3-2: Fly out, F7 (Flyball, 78M, EV 80.0 MPH)
Top of the 2nd over - 3 runs, 3 hits, 0 errors, 0 left on base; Houston (GCL) 5 - Washington (GCL) 0
BOTTOM OF THE 2ND
Washington (GCL) Nationals batting - Pitching for Houston (GCL) Astros : RHP Cory Monroe
Batting: LHB Jonathan Ramos 0-0: Called Strike
0-1: Ground out 6-3 (Groundball, 6M, EV 78.1 MPH)
Batting: SHB Rick English 0-0: Ball
1-0: Ball
2-0: Called Strike
2-1: Ball
3-1: Base on Balls
Batting: RHB Miles Hostetler 0-0: Foul Ball, location: 25F
0-1: Ball
1-1: Fly out, F4 (Flyball, 34D, EV 91.3 MPH)
Batting: RHB Hector Montes 0-0: Called Strike
0-1: Foul Ball, location: 2RF
0-2: Ball
1-2: Ball
2-2: Strikes out swinging
Bottom of the 2nd over - 0 runs, 0 hits, 0 errors, 1 left on base; Houston (GCL) 5 - Washington (GCL) 0
TOP OF THE 3RD
Houston (GCL) Astros batting - Pitching for Washington (GCL) Nationals : LHP Andy Van Tol
Batting: LHB Brandon Davis 0-0: Called Strike
0-1: Ball
1-1: Called Strike
1-2: Foul Ball, location: 7LMF
1-2: Ball
2-2: Foul Ball, location: 7LSF
2-2: Strikes out swinging
Batting: RHB Jeff Lawther 0-0: SOLO HOME RUN (Line Drive, 7D, EV 103.1 MPH), Distance : 403 ft
Batting: SHB Elijah Campbell 0-0: Swinging Strike
0-1: Called Strike
0-2: Ground out 6-3 (Groundball, P, EV 90.6 MPH)
Batting: RHB Doug Fitzsimons 0-0: Foul Ball, location: 2F
0-1: Ball
1-1: Foul Ball, location: 9LMF
1-2: Strikes out swinging, 2-3 out at first.
Top of the 3rd over - 1 run, 1 hit, 0 errors, 0 left on base; Houston (GCL) 6 - Washington (GCL) 0
BOTTOM OF THE 3RD
Washington (GCL) Nationals batting - Pitching for Houston (GCL) Astros : RHP Cory Monroe
Batting: RHB Mario Leyva 0-0: Called Strike
0-1: Ball
1-1: Swinging Strike
1-2: Foul Ball, location: 9LSF
1-2: Ball
2-2: Fly out, F9 (Flyball, 9, EV 91.9 MPH)
Batting: LHB Vinny Munoz 0-0: Ball
1-0: Foul Ball, location: 7LSF
1-1: Ball
2-1: Called Strike
2-2: Fly out, F8 (Flyball, 8RD, EV 101.3 MPH)
Batting: RHB Alex Santiago 0-0: Ball
1-0: Called Strike
1-1: Foul Ball, location: 3FF
1-2: Strikes out swinging
Bottom of the 3rd over - 0 runs, 0 hits, 0 errors, 0 left on base; Houston (GCL) 6 - Washington (GCL) 0
TOP OF THE 4TH
Houston (GCL) Astros batting - Pitching for Washington (GCL) Nationals : LHP Andy Van Tol
Pitching: LHP Jose Zapata
Batting: RHB Esteban Rivas 0-0: Ball
1-0: Ground out 6-3 (Groundball, 6, EV 86.3 MPH)
Batting: RHB Alex Castillo 0-0: SINGLE (Groundball, 13S, EV 64.4 MPH) (infield hit)
Batting: RHB Casey Payton 0-0: Swinging Strike
0-1: Ball
Alex Castillo is caught stealing 2nd base 2-4
1-1: Called Strike
1-2: Ball
2-2: Fly out, F7 (Flyball, 78S, EV 89.4 MPH)
Top of the 4th over - 0 runs, 1 hit, 0 errors, 0 left on base; Houston (GCL) 6 - Washington (GCL) 0
BOTTOM OF THE 4TH
Washington (GCL) Nationals batting - Pitching for Houston (GCL) Astros : RHP Cory Monroe
Batting: LHB Francisco Galdamez 0-0: Ball
1-0: Called Strike
1-1: Ball
2-1: Foul Ball, location: 25F
2-2: SINGLE (Line Drive, 78S, EV 91.9 MPH)
Batting: RHB Tony Torres 0-0: Called Strike
0-1: Ball
1-1: Swinging Strike
1-2: Strikes out looking
Batting: LHB Jonathan Ramos 0-0: Ball
1-0: Called Strike
1-1: Swinging Strike
1-2: Foul Ball, location: 2F
1-2: Fly out, F8 (Flyball, 78XD, EV 86.9 MPH)
Batting: SHB Rick English 0-0: Ball
1-0: Swinging Strike
1-1: Ball
2-1: Swinging Strike
2-2: Strikes out swinging
Bottom of the 4th over - 0 runs, 1 hit, 0 errors, 1 left on base; Houston (GCL) 6 - Washington (GCL) 0
TOP OF THE 5TH
Houston (GCL) Astros batting - Pitching for Washington (GCL) Nationals : LHP Jose Zapata
Batting: LHB Caleb Crowley 0-0: Ball
1-0: Ball
2-0: Ball
3-0: Base on Balls
Batting: RHB Alvin Wolff 0-0: Grounds into double play, 4-6-3 (Groundball, 4, EV 86.9 MPH)
Batting: LHB Brandon Davis 0-0: Ball
1-0: Foul Ball, location: 23F
1-1: Foul Ball, location: 7LMF
1-2: Ground out 6-3 (Groundball, 6, EV 79.4 MPH)
Top of the 5th over - 0 runs, 0 hits, 0 errors, 0 left on base; Houston (GCL) 6 - Washington (GCL) 0
BOTTOM OF THE 5TH
Washington (GCL) Nationals batting - Pitching for Houston (GCL) Astros : RHP Cory Monroe
Batting: RHB Miles Hostetler 0-0: Called Strike
0-1: Swinging Strike
0-2: Foul Ball, location: 3F
0-2: Ball
1-2: Ball
2-2: Strikes out swinging
Batting: RHB Hector Montes 0-0: Ball
1-0: Ball
2-0: SINGLE (Line Drive, 7LS, EV 93.1 MPH)
Batting: RHB Mario Leyva 0-0: Ball
1-0: Fly out, F5 (Popup, 56S, EV 82.5 MPH)
Batting: LHB Vinny Munoz 0-0: Called Strike
0-1: Foul Ball, location: 2F
0-2: Ground out 6-3 (Groundball, 6MS, EV 68.1 MPH)
Bottom of the 5th over - 0 runs, 1 hit, 0 errors, 1 left on base; Houston (GCL) 6 - Washington (GCL) 0
TOP OF THE 6TH
Houston (GCL) Astros batting - Pitching for Washington (GCL) Nationals : LHP Jose Zapata
Batting: RHB Jeff Lawther 0-0: Ball
1-0: Foul Ball, location: 9LSF
1-1: SINGLE (Flyball, 89S, EV 92.5 MPH)
Batting: SHB Elijah Campbell 0-0: Ball
1-0: Called Strike
1-1: Ground out 5-3 (Groundball, 56S, EV 71.3 MPH)
Jeff Lawther to second
Batting: RHB Doug Fitzsimons 0-0: Swinging Strike
0-1: Foul Ball, location: 23F
0-2: Ball
1-2: Strikes out looking
Batting: RHB Esteban Rivas 0-0: Ball
1-0: Foul Ball, location: 2F
1-1: Called Strike
1-2: Ball
2-2: Strikes out looking
Top of the 6th over - 0 runs, 1 hit, 0 errors, 1 left on base; Houston (GCL) 6 - Washington (GCL) 0
BOTTOM OF THE 6TH
Washington (GCL) Nationals batting - Pitching for Houston (GCL) Astros : RHP Cory Monroe
Batting: RHB Alex Santiago 0-0: Called Strike
0-1: Ball
1-1: Ball
2-1: Foul Ball, location: 5FF
2-2: DOUBLE (Line Drive, 89XD, EV 106.3 MPH)
Batting: LHB Francisco Galdamez 0-0: Ball
1-0: SINGLE (Line Drive, 34, EV 100.0 MPH)
Alex Santiago to third
Batting: RHB Tony Torres 0-0: Ball
1-0: Ball
2-0: Grounds into double play, 6-4-3 (Groundball, 6, EV 76.3 MPH)
Alex Santiago scores
Batting: LHB Jonathan Ramos 0-0: SINGLE (Line Drive, 56D, EV 103.1 MPH)
Batting: SHB Rick English 0-0: Ball
1-0: Called Strike
1-1: Foul Ball, location: 2F
1-2: Fly out, F8 (Flyball, 8RD, EV 86.9 MPH)
Bottom of the 6th over - 1 run, 3 hits, 0 errors, 1 left on base; Houston (GCL) 6 - Washington (GCL) 1
TOP OF THE 7TH
Houston (GCL) Astros batting - Pitching for Washington (GCL) Nationals : LHP Jose Zapata
Batting: RHB Alex Castillo 0-0: Ball
1-0: SOLO HOME RUN (Flyball, 9LD, EV 92.5 MPH), Distance : 345 ft
Batting: RHB Casey Payton 0-0: Foul Ball, location: 9LSF
0-1: Ball
1-1: Called Strike
1-2: Strikes out swinging
Batting: LHB Caleb Crowley 0-0: Ball
1-0: Foul Ball, location: 9LDF
1-1: Ground out 3-1 (Groundball, 3L, EV 95.0 MPH)
Batting: RHB Alvin Wolff 0-0: Foul Ball, location: 2F
0-1: Fly out, F7 (Line Drive, 7S, EV 95.0 MPH)
Top of the 7th over - 1 run, 1 hit, 0 errors, 0 left on base; Houston (GCL) 7 - Washington (GCL) 1
BOTTOM OF THE 7TH
Washington (GCL) Nationals batting - Pitching for Houston (GCL) Astros : RHP Cory Monroe
Batting: RHB Miles Hostetler 0-0: Swinging Strike
0-1: Ball
1-1: Swinging Strike
1-2: Foul Ball, location: 5FF
1-2: Strikes out swinging
Batting: RHB Hector Montes 0-0: Ball
1-0: Ball
2-0: Foul Ball, location: 2F
2-1: Ground out 1-3 (Groundball, 15S, EV 70.0 MPH)
Batting: RHB Mario Leyva 0-0: Ball
1-0: Ground out 6-3 (Groundball, 6, EV 91.3 MPH)
Bottom of the 7th over - 0 runs, 0 hits, 0 errors, 0 left on base; Houston (GCL) 7 - Washington (GCL) 1
TOP OF THE 8TH
Houston (GCL) Astros batting - Pitching for Washington (GCL) Nationals : LHP Jose Zapata
Batting: LHB Brandon Davis 0-0: Called Strike
0-1: DOUBLE (Line Drive, 7LS, EV 94.4 MPH)
Batting: RHB Jeff Lawther 0-0: Ball
1-0: DOUBLE (Line Drive, 7LD, EV 106.9 MPH)
Brandon Davis scores
Batting: SHB Elijah Campbell 0-0: SINGLE (Line Drive, 8LS, EV 98.1 MPH)
Jeff Lawther to third
Batting: RHB Gabe Vargas 0-0: Called Strike
0-1: Foul Ball, location: 2F
0-2: Ball
1-2: Grounds into double play, 6-4-3 (Groundball, 6, EV 105.0 MPH)
Jeff Lawther scores
Pitching: RHP Jim Unknown
Pinch Hitting: RHB Noe Cosme 0-0: SINGLE (Groundball, 6MD, EV 94.4 MPH)
Batting: RHB Alex Castillo 0-0: Foul Ball, location: 23F
0-1: Foul Ball, location: 5DF
0-2: Ball
1-2: Strikes out looking
Top of the 8th over - 2 runs, 4 hits, 0 errors, 1 left on base; Houston (GCL) 9 - Washington (GCL) 1
BOTTOM OF THE 8TH
Washington (GCL) Nationals batting - Pitching for Houston (GCL) Astros : RHP Cory Monroe
Pitching: RHP Angel Fuentes
Now at 1B: Noe Cosme
Batting: LHB Vinny Munoz 0-0: Called Strike
0-1: Ball
1-1: Ball
2-1: Swinging Strike
2-2: Strikes out swinging
Pinch Hitting: RHB Henele Akiliano 0-0: Foul Ball, location: 3DF
0-1: Swinging Strike
0-2: SINGLE (Line Drive, 56D, EV 96.9 MPH)
Pinch Hitting: RHB Mario Velasquez 0-0: SINGLE (Line Drive, 34D, EV 99.4 MPH)
Henele Akiliano to second
Pinch Hitting: RHB Todd Crain 0-0: Ball
1-0: Ball
2-0: Ball
3-0: Called Strike
3-1: Foul Ball, location: 5F
3-2: Foul Ball, location: 2F
3-2: Fly out, F8 (Line Drive, 8RM, EV 85.6 MPH)
Pitching: LHP Bob Bauer
Pinch Hitting: RHB Bill Hathaway 0-0: Ball
1-0: Ball
2-0: Foul Ball, location: 2F
2-1: Foul Ball, location: 2LF
2-2: Strikes out swinging
Bottom of the 8th over - 0 runs, 2 hits, 0 errors, 2 left on base; Houston (GCL) 9 - Washington (GCL) 1
TOP OF THE 9TH
Houston (GCL) Astros batting - Pitching for Washington (GCL) Nationals : RHP Jim Unknown
Now at 2B: Bill Hathaway
Now in LF: Justin Covert
Now in CF: Pablo Campos
Now in RF: Bill Scotti
Pinch Hitting: RHB Ben Alfano 0-0: Ball
1-0: Called Strike
1-1: Fly out, F4 (Popup, 4D, EV 55.6 MPH)
Pinch Hitting: LHB Matt Eades 0-0: Called Strike
0-1: Foul Ball, location: 25F
0-2: Foul Ball, location: 2F
0-2: Ball
1-2: Foul Ball, location: 9LSF
1-2: Ball
2-2: Ball
3-2: Foul Ball, location: 2F
3-2: SINGLE (Line Drive, 7S, EV 95.0 MPH)
Pinch Hitting: LHB Eric Forster 0-0: Foul Ball, location: 3SF
0-1: Foul Ball, location: 3DF
0-2: Ball
1-2: Strikes out looking
Pinch Hitting: RHB Christian Simpson 0-0: Ball
1-0: Ball
2-0: Called Strike
2-1: Foul Ball, location: 2F
2-2: Fielders Choice at 2nd, 5-4 (Groundball, 56, EV 106.9 MPH)
Top of the 9th over - 0 runs, 1 hit, 0 errors, 1 left on base; Houston (GCL) 9 - Washington (GCL) 1
BOTTOM OF THE 9TH
Washington (GCL) Nationals batting - Pitching for Houston (GCL) Astros : LHP Bob Bauer
Pitching: RHP Bryan Casel
Now at SS: Matt Eades
Now in LF: Eric Forster
Now in CF: Ben Alfano
Now in RF: Christian Simpson
Pinch Hitting: RHB Jonathan Mountford 0-0: SINGLE (Line Drive, 7S, EV 96.9 MPH)
Pinch Hitting: RHB Marco Bueno 0-0: Ball
1-0: Ball
2-0: SINGLE (Groundball, 4MD, EV 101.9 MPH)
Jonathan Mountford to second
Pinch Hitting: RHB Logan Dougherty 0-0: Called Strike
0-1: Called Strike
0-2: Ball
1-2: Ball
2-2: Strikes out swinging
Pinch Hitting: RHB Dave Ekema 0-0: Swinging Strike
0-1: SINGLE (Groundball, 34D, EV 94.4 MPH)
Jonathan Mountford to third
Marco Bueno to second
Batting: RHB Mario Villanueva 0-0: SINGLE (Line Drive, 6D, EV 95.0 MPH)
Jonathan Mountford scores
Marco Bueno to third
Dave Ekema to second
Batting: LHB Bill Scotti 0-0: Foul Ball, location: 3F
0-1: Ball
1-1: Ball
2-1: Swinging Strike
2-2: Foul Ball, location: 25F
2-2: Fly out, F8 (Flyball, 8LM, EV 92.5 MPH)
Batting: RHB Pablo Campos 0-0: Ground out 4-3 (Groundball, 4, EV 92.5 MPH)
Bottom of the 9th over - 1 run, 4 hits, 0 errors, 3 left on base; Houston (GCL) 9 - Washington (GCL) 2
Monday, May 13th , 2024 - OOTP Baseball 24.11 Build 85